 Dungeon Crawl Stone Soup version 0.32-a0-981-g384da2ce10 (webtiles) character file.

Game seed: 5852884572730091538

292 DrKenneth the Covered (level 6, 0/56 HPs)
             Began as a Minotaur Fighter on Apr 21, 2024.
             Incinerated by a bombardier beetle (4 damage)
             ... with a burning spray
             ... on level 3 of the Dungeon.
             The game lasted 00:03:16 (1404 turns).

DrKenneth the Covered (Minotaur Fighter)            Turns: 1404, Time: 00:03:17

Health: 0/56       AC:  8    Str: 22    XL:     6   Next: 10%
Magic:  5/5        EV:  8    Int:  5    God:
Gold:   95         SH:  5    Dex: 16    Spells: 5/5 levels left

rFire   . . .        a - +0 war axe
rCold   . . .        c - +0 buckler
rNeg    . . .        b - +1 scale mail
rPois   .            (helmet restricted)
rElec   .            (no cloak)
rCorr   .            (no gloves)
SInv    .            (no boots)
Will    .....        (no amulet) Stlth
                     n - +6 ring of dexterity
HPRegen 0.29/turn    (no ring)
MPRegen 0.09/turn

%: no passive effects
@: on fire, glowing
A: horns 2, retaliatory headbutt
a: no special abilities


You were on level 3 of the Dungeon.
You visited 1 branch of the dungeon, and saw 3 of its levels.

You collected 95 gold pieces.

Inventory:

Hand Weapons
 a - a +0 war axe (weapon)
Missiles
 l - a throwing net (quivered)
Armour
 b - a +1 scale mail (worn)
 c - a +0 buckler (worn)
Jewellery
 n - a +6 ring of dexterity (left hand)
Scrolls
 f - 3 scrolls of identify
 h - a scroll of enchant armour
 j - 3 scrolls of teleportation {unknown}
 k - a scroll of noise {unknown}
 o - a scroll of blinking {unknown}
Potions
 d - a potion of might
 e - 2 potions of curing {unknown}
 g - a potion of lignification {unknown}
 i - a potion of enlightenment {unknown}
 m - 2 potions of heal wounds


   Skills:
 + Level 5.2 Fighting
 + Level 4.3 Axes
 + Level 5.2 Armour
 + Level 5.2 Shields


You had 5 spell levels left.
You didn't know any spells.
Your spell library contained the following spells:

 Spells                   Type           Power      Damage    Failure   Level
 Blink                    Tloc           0%         N/A       94%         2
 Lesser Beckoning         Tloc           0%         N/A       94%         2
 Momentum Strike          Conj/Tloc      0%         3d8       94%         2


Dungeon Overview and Level Annotations

Branches:
Dungeon (3/15)

Altars:


Innate Abilities, Weirdness & Mutations

You have a pair of horns on your head.
You reflexively headbutt those who attack you in melee.


Message History

The bombardier beetle is moderately wounded.
The bombardier beetle sprays incendiary fluid at you.
The burning spray hits you.
You are covered in liquid fire!
You hit the bombardier beetle but do no damage.
The bombardier beetle is moderately wounded.
The liquid fire burns you!
The bombardier beetle bites you but does no damage.
You barely miss the bombardier beetle.
The bombardier beetle is moderately wounded.
The liquid fire burns you!
The bombardier beetle waves its antennae.
The bombardier beetle barely misses you.
You slash the bombardier beetle!
The bombardier beetle is severely wounded.
The liquid fire burns you!
You slash the bombardier beetle!
You kill the bombardier beetle!
The liquid fire burns you!
You have reached level 6!
You are on fire!
You are on fire!
The liquid fire burns you! The liquid fire burns you!
The liquid fire burns you! The liquid fire burns you!
The liquid fire burns you! The liquid fire burns you!
The liquid fire burns you! The liquid fire burns you!
The liquid fire burns you!
* * * LOW HITPOINT WARNING * * *
The liquid fire burns you!
* * * LOW HITPOINT WARNING * * *
The liquid fire burns you!
* * * LOW HITPOINT WARNING * * *
The liquid fire burns you!
* * * LOW HITPOINT WARNING * * *
The liquid fire burns you!
You die...

........############
#####..#............ .
#...#.#####.....# ..
##.#.#.# #.....# ...
###..#.#.#####.....#
...#........(.........'
. ....###.#.#####.....#
...>#.####.#.# #######
#......@...#.#
#.###.######.# .. #.#
#. #.# # #.# #.#


There were no monsters in sight!

Vanquished Creatures
  Grinder (D:3)
  A bombardier beetle (D:3)
  3 dart slugs
  2 ribbon worms
  An orc (D:3)
  3 bats
  6 endoplasms
  2 giant cockroaches
  2 goblins (D:2)
  5 hobgoblins
  3 kobolds
  3 quokkas (D:1)
  3 ball pythons
  A frilled lizard (D:2)
  7 rats
43 creatures vanquished.

Notes
Turn   | Place    | Note
-------+----------+-------------------------------------------
     0 | D:1      | DrKenneth the Minotaur Fighter began the quest for the Orb.
     0 | D:1      | Reached XP level 1. HP: 19/19 MP: 0/0
   140 | D:1      | Reached XP level 2. HP: 27/27 MP: 1/1
   742 | D:2      | Reached XP level 3. HP: 33/33 MP: 2/2
  1202 | D:3      | Noticed Grinder
  1203 | D:3      | Paralysed by Grinder for 4 turns
  1211 | D:3      | Killed Grinder
  1212 | D:3      | Reached skill level 5 in Fighting
  1212 | D:3      | Reached skill level 5 in Armour
  1212 | D:3      | Reached skill level 5 in Shields
  1212 | D:3      | Reached XP level 4. HP: 23/42 MP: 3/3
  1212 | D:3      | Reached XP level 5. HP: 27/48 MP: 4/4
  1392 | D:3      | Reached XP level 6. HP: 41/56 MP: 5/5
  1404 | D:3      | Incinerated by a bombardier beetle

Illustrated notes

Levels and vault maps discovered:
D:1:      onia_arrival_pyramid, layout_rooms
D:2:      layout_loops_cross, st_stairs_13
D:3:      layout_basic, uniq_grinder

Skill      XL: |  1  2  3 |
---------------+----------+-----
Fighting       | 4 5 |  5.2
Armour         | 4 5 |  5.2
Shields        | 4 5 |  5.2
Axes           | 4 |  4.3

Action                     |  1- 3 |  4- 6 || total
---------------------------+-------+-------++-------
  Melee: War axe           |    78 |     9 ||    87
         Headbutt          |    16 |       ||    16
    Use: Scroll            |     2 |       ||     2
 Armour: Scale mail        |    62 |     2 ||    64
  Dodge: Dodged            |    31 |     3 ||    34
  Block: Buckler           |    26 |     1 ||    27

Table legend: (Time is in decaauts)
 A = Elapsed time spent in this place.
 B = Non-inter-level travel time spent in this place.
 C = Inter-level travel time spent in this place.
 D = Time resting spent in this place.
 E = Time spent auto-exploring this place.
 F = Levels seen in this place.
 G = Mean time per level.
                   A        B        C        D        E       F      G
               +--------+--------+--------+--------+--------+-----+--------+
         Total |   1436 |   1333 |    103 |     71 |    961 |   3 |  478.7 |
       Dungeon |   1436 |   1333 |    103 |     71 |    961 |   3 |  478.7 |
               +--------+--------+--------+--------+--------+-----+--------+

Top non-repeatable levels by time:
     D:2: 664 daAuts
     D:1: 479 daAuts
     D:3: 291 daAuts
